 Dungeon Crawl Stone Soup version 0.29-a0-885-gb26ba3297d (webtiles) character file.

Game seed: 12914616057067996240

112 Turgor the Insei (level 4, -2/33 HPs)
             Began as a Demonspawn Transmuter on July 20, 2022.
             Was an Initiate of Gozag.
             Killed by divine providence
             ... invoked by an orc priest
              (14 damage)
             ... on level 3 of the Dungeon.
             The game lasted 00:09:45 (2349 turns).

Turgor the Insei (Demonspawn Transmuter)            Turns: 2349, Time: 00:09:46

Health: -2/33      AC: 13    Str: 12    XL:     4   Next: 64%
Magic:  7/7        EV: 12    Int: 19    God:    Gozag
Gold:   242        SH:  0    Dex: 16    Spells: 5/8 levels left

rFire   . . .      SeeInvis .     - Unarmed
rCold   . . .      Faith    .   (no shield)
rNeg    . . .      Spirit   .   m - +1 leather armour of Rafull {Int+5 Dex+2}
rPois   .          Reflect  .   (helmet restricted)
rElec   .          Harm     .   (no cloak)
rCorr   .          Rampage  .   (no gloves)
Will    .....                   u - +0 pair of boots
Stlth   +.........              (no amulet)
HPRegen 0.11/turn               c - +4 ring of protection
MPRegen 0.10/turn               d - +4 ring of protection

@: gold aura
A: horns 1, ignite blood 1
a: Renounce Religion, Potion Petition, Call Merchant, Bribe Branch


You were on level 3 of the Dungeon.
You worshipped Gozag.
Gozag was aware of your devotion.
You visited 1 branch of the dungeon, and saw 3 of its levels.

You collected 407 gold pieces.
You spent 165 gold pieces at shops.

Inventory:

Hand Weapons
 w - a +0 sling
Missiles
 a - 21 stones
 h - 7 poisoned darts
Armour
 m - the +1 leather armour of Rafull (worn) {Int+5 Dex+2}
   (You found it on level 2 of the Dungeon)

   Int:       It affects your intelligence (+5).
   Dex:       It affects your dexterity (+2).
 u - a +0 pair of boots (worn)
Jewellery
 c - a +4 ring of protection (left hand)
 d - a +4 ring of protection (right hand)
Scrolls
 e - 2 scrolls of identify {unknown}
 g - a scroll of blinking {unknown}
 i - a scroll of noise {unknown}
 j - 2 scrolls of amnesia {unknown}
 k - 2 scrolls of vulnerability {unknown}
 p - a scroll of magic mapping {unknown}
 q - 3 scrolls of enchant armour {unknown}
 r - a scroll of teleportation {unknown}
Potions
 b - 2 potions of lignification
 f - 3 potions of curing {unknown}
 l - a potion of might {unknown}
 n - 2 potions of mutation {unknown}
 o - a potion of brilliance {unknown}
 s - a potion of attraction {unknown}
 t - a potion of heal wounds {unknown}
 v - 2 potions of flight {unknown}


   Skills:
 + Level 1.8 Fighting
 + Level 1.3 Armour
 + Level 2.2 Dodging
 * Level 3.5 Unarmed Combat
 + Level 2.6 Spellcasting
 + Level 2.2 Transmutations


You had 5 spell levels left.
You knew the following spells:

 Your Spells              Type           Power      Damage    Failure   Level
a - Beastly Appendage     Tmut           20%        N/A       9%          1
b - Wereblood             Tmut           10%        N/A       12%         2

Your spell library contained the following spells:

 Spells                   Type           Power      Damage    Failure   Level
 Ensorcelled Hibernation  Hex/Ice        4%         N/A       30%         2
 Spider Form              Tmut/Pois      6%         N/A       36%         3
 Ice Form                 Ice/Tmut       6%         N/A       77%         4
 Anguish                  Hex/Necr       1%         N/A       90%         4
 Hailstorm                Conj/Ice       2%         3d3       90%         4
 Simulacrum               Ice/Necr       Unusable   N/A       N/A         6

Dungeon Overview and Level Annotations

Branches:
Dungeon (3/15)

Altars:
Gozag

Shops:
D:2 *

Annotations:
D:2 Sigmund


Innate Abilities, Weirdness & Mutations

You have a pair of small horns on your head.
Your demonic aura sometimes causes spilled blood to erupt in flames.


Message History

You hit the orc but do no damage.
The orc shouts!
You hit the orc but do no damage.
The orc priest mumbles some strange prayers to Beogh against you.
Beogh smites you! The orc hits you with a +0 flail.
You hit the orc but do no damage. You headbutt the orc.
The orc is lightly wounded.
The orc priest calls upon Beogh to heal the orc.
The orc's wounds heal themselves!
The orc closely misses you.
You closely miss the orc. You headbutt the orc.
The orc is moderately wounded.
The orc hits you but does no damage.
You barely miss the orc.
The orc is moderately wounded.
The orc hits you with a +0 flail.
The orc priest hits you but does no damage.
You hit the orc.
You kill the orc!
The orc priest calls down the wrath of Beogh upon you.
Beogh smites you! The orc priest blocks your attack.
You closely miss the orc priest. You hit the orc priest.
The orc priest blocks your attack.
The orc priest is moderately wounded.
The orc priest closely misses you.
You barely miss the orc priest.
The orc priest is moderately wounded.
The orc priest casts a cantrip, but nothing happens.
You hear a shout!
You closely miss the orc priest. You headbutt the orc priest.
The orc priest is heavily wounded.
The orc priest mumbles some strange prayers to Beogh against you.
You barely resist. You barely miss the orc priest.
The orc priest is heavily wounded.
The orc is distracted by your dazzling golden aura.
The orc priest calls down the wrath of Beogh upon you.
Beogh smites you!
You die...
Your body crumbles into a pile of gold.

#....##......# #.#
###.######.#####.#
.....#....>..#.#
##.##.........#.#
#.##......#..#.#
#.<....##......#
#####.....##..###
..............#
#####..@o..^##
####{#### #o# $
#.# ##.## #...#
#...# #...# #...#


You could see an orc priest and an orc (unaware).

Vanquished Creatures
  An orc wizard (D:3)
  2 adders (D:2)
  2 worms (D:2)
  2 dart slugs (D:2)
  5 orcs (D:3)
  3 endoplasms
  5 giant cockroaches
  4 goblins
  3 hobgoblins
  5 jackals (D:1)
  3 kobolds (D:1)
  5 ball pythons
  6 bats
  9 frilled lizards
55 creatures vanquished.

Vanquished Creatures (others)
  6 plants (D:2)
  4 toadstools (D:1)
10 creatures vanquished.

Grand Total: 65 creatures vanquished

Notes
Turn   | Place    | Note
-------+----------+-------------------------------------------
     0 | D:1      | Turgor the Demonspawn Transmuter began the quest for the
                  | Orb.
     0 | D:1      | Reached XP level 1. HP: 15/15 MP: 3/3
   111 | D:1      | Found a faded altar of an unknown god.
   119 | D:1      | Prayed at the altar of an unknown god.
   119 | D:1      | Became a worshipper of Gozag Ym Sagoz the Greedy
   189 | D:1      | Gained mutation: You have a pair of small horns on your
                  | head. [demonic ancestry]
   189 | D:1      | Reached XP level 2. HP: 18/21 MP: 5/5
   522 | D:1      | Reached skill level 3 in Unarmed Combat
   777 | D:2      | Reached XP level 3. HP: 26/26 MP: 6/6
  1103 | D:2      | Identified the +1 leather armour of Rafull {Int+5 Dex+2}
  1299 | D:2      | Noticed Sigmund
  1471 | D:2      | Reached skill level 1 in Armour
  1476 | D:2      | Learned a level 2 spell: Wereblood
  1766 | D:2      | Gained mutation: Your demonic aura sometimes causes spilled
                  | blood to erupt in flames. [demonic ancestry]
  1766 | D:2      | Reached XP level 4. HP: 32/32 MP: 7/7
  1791 | D:2      | Found Seump's Assorted Antiques.
  1801 | D:2      | Bought 3 scrolls labelled WYX JIRPHUROUTA for 84 gold
                  | pieces
  1801 | D:2      | Bought a scroll labelled ATYCEE YTELURCH for 28 gold pieces
  1801 | D:2      | Bought a scroll labelled VOXKEABBUBRI for 28 gold pieces
  1801 | D:2      | Bought a fizzy inky potion for 25 gold pieces
  2256 | D:3      | Found an opulent altar of Gozag.
  2349 | D:3      | Killed from afar by an orc priest

Illustrated notes

Levels and vault maps discovered:
D:1:      ldierk_walled_garden_2, layout_rooms, ebering_ecumenical_altar_webs
D:2:      layout_basic, serial_shops, nicolae_lakefront_shop,
          minmay_lizard_king, uniq_sigmund
D:3:      layout_loops_cross, lemuel_crystal_altar, grunt_gozag_statues,
          eino_tiny_chamber

Skill      XL: |  1  2  3 |
---------------+----------+-----
Unarmed Combat | 3 |  3.5
Dodging        | 2 |  2.2
Transmutations | 2 |  2.2
Armour         | 1 |  1.3
Fighting       | |  1.8
Spellcasting   | |  2.6

Action                   |  1- 3 |  4- 6 || total
-------------------------+-------+-------++-------
Melee: Unarmed           |   161 |    63 ||   224
       Punch             |     4 |     1 ||     5
       Headbutt          |    17 |    11 ||    28
       Kick              |     1 |     6 ||     7
 Fire: Sling             |       |     2 ||     2
 Cast: Beastly Appendage |     2 |     2 ||     4
       Wereblood         |       |     2 ||     2
 Stab: Distracted        |     1 |       ||     1
Armor: Robe              |    26 |       ||    26
       Leather armour    |    52 |    33 ||    85
Dodge: Dodged            |   107 |    42 ||   149

Table legend: (Time is in decaauts)
 A = Elapsed time spent in this place.
 B = Non-inter-level travel time spent in this place.
 C = Inter-level travel time spent in this place.
 D = Time resting spent in this place.
 E = Time spent auto-exploring this place.
 F = Levels seen in this place.
 G = Mean time per level.
                   A        B        C        D        E       F      G
               +--------+--------+--------+--------+--------+-----+--------+
         Total |   2335 |   2278 |     57 |      3 |   1746 |   3 |  778.3 |
       Dungeon |   2335 |   2278 |     57 |      3 |   1746 |   3 |  778.3 |
               +--------+--------+--------+--------+--------+-----+--------+

Top non-repeatable levels by time:
     D:2: 1363 daAuts
     D:1: 739 daAuts
     D:3: 233 daAuts
